 Dungeon Crawl Stone Soup version 0.29.0-13-gc9e81de378 (webtiles) character file.

Game seed: 8112625353768444184

610 funkygono the Firebug (level 7, 0/38 HPs)
             Began as a Gargoyle Fire Elementalist on Sept 10, 2022.
             Slain by Duvessa
             ... wielding a +0 rapier
              (12 damage)
             ... on level 4 of the Dungeon.
             The game lasted 00:12:02 (6004 turns).

funkygono the Firebug (Gargoyle Fire Elementalist)  Turns: 6004, Time: 00:12:04

Health: 0/38       AC: 17    Str: 17    XL:     7   Next: 43%
Magic:  5/13       EV: 12    Int: 22    God:
Gold:   245        SH:  0    Dex: 10    Spells: 4/14 levels left

rFire   + . .      SeeInvis .   s - +2 flail (holy)
rCold   . . .      Faith    .   (no shield)
rNeg    + . .      Spirit   .   a - +0 robe
rPois   ∞          Reflect  .   j - +1 helmet "Put-Me-On" {Harm rF+ Int+4}
rElec   +          Harm     +   p - +0 cloak
rCorr   .          Rampage  .   d - +0 pair of gloves
Will    .....                   y - +2 pair of boots
Stlth   +.........              (no amulet)
HPRegen 0.12/turn               n - +4 ring of protection
MPRegen 0.13/turn               r - +6 ring of strength

@: lit by a corona, glowing
A: sickness immunity, AC +4, negative energy resistance 1, electricity
resistance, torment resistance 1, petrification resistance
a: no special abilities


You were on level 4 of the Dungeon.
You visited 1 branch of the dungeon, and saw 5 of its levels.
You also visited: Sewer.

You collected 245 gold pieces.

Inventory:

Hand Weapons
 h - a +1 whip
 s - a +2 flail of holy wrath (weapon)
Armour
 a - a +0 robe (worn)
 d - a +0 pair of gloves (worn)
 e - a +1 helmet
 j - the +1 helmet "Put-Me-On" (worn) {Harm rF+ Int+4}
   (You acquired it on level 2 of the Dungeon)

   Int:       It affects your intelligence (+4).
   rF:        It protects you from fire.
   Harm:      It increases damage dealt and taken.
 p - a +0 cloak (worn)
 y - a +2 pair of boots (worn)
Jewellery
 l - a +6 ring of dexterity
 n - a +4 ring of protection (left hand)
 r - a +6 ring of strength (right hand)
 x - a ring of positive energy
Wands
 t - a wand of acid (9)
Scrolls
 c - 2 scrolls of immolation
 u - a scroll of teleportation
Potions
 b - a potion of magic
 f - a potion of cancellation {unknown}
 g - a potion of haste
 i - 2 potions of ambrosia
 k - a potion of brilliance {unknown}
 m - a potion of lignification {unknown}
 o - a potion of berserk rage {unknown}
 q - 3 potions of curing


   Skills:
 + Level 1.2 Fighting
 + Level 1.7 Maces & Flails
 + Level 2.5 Dodging
 - Level 2.1 Stealth
 + Level 4.1 Spellcasting
 + Level 4.1 Conjurations
 + Level 5.0 Fire Magic


You had 4 spell levels left.
You knew the following spells:

 Your Spells              Type           Power      Damage    Failure   Level
a - Foxfire               Conj/Fire      96%        2x1d8     1%          1
b - Scorch                Fire           52%        2d8       1%          2
c - Conjure Flame         Conj/Fire      24%        6-21      4%          3
d - Flame Wave            Conj/Fire      24%        2d8       17%         4

Your spell library contained the following spells:

 Spells                   Type           Power      Damage    Failure   Level
 Inner Flame              Hex/Fire       15%        N/A       12%         3
 Ignite Poison            Fire/Tmut/Pois 12%        N/A       17%         3
 Sticky Flame             Conj/Fire      24%        2d5       17%         4
 Gell's Gravitas          Tloc           4%         N/A       32%         3
 Lesser Beckoning         Tloc           4%         N/A       32%         3
 Teleport Other           Tloc           4%         N/A       32%         3


Dungeon Overview and Level Annotations

Branches:
Dungeon (5/15)              Sewer (visited)
 Temple: D:4-7

Altars:
Qazlal
Yredelemnul

Annotations:
D:4 Duvessa
D:5 Blork the orc


Innate Abilities, Weirdness & Mutations

You are immune to sickness and miasma.
Your stone body is resilient. (AC +4)
You are immune to poison.
You resist negative energy. (rN+)
You are resistant to electric shocks. (rElec)
You are resistant to unholy torment.
You are immune to petrification.


Message History

Dowan closely misses you. Duvessa hits you with a +0 rapier.
Casting: Foxfire (safe; 1% risk of failure)
Confirm with . or Enter, or press ? or * to list all spells.
You conjure some foxfire!
The foxfire hits Dowan!
Dowan is heavily wounded.
The foxfire hits Dowan.
Dowan is severely wounded.
Duvessa hits you with a +0 rapier. Dowan hits you but does no damage.
Casting: Foxfire (safe; 1% risk of failure)
Confirm with . or Enter, or press ? or * to list all spells.
You conjure some foxfire!
The foxfire hits Dowan.
Dowan is almost dead.
The foxfire hits Duvessa.
Duvessa is heavily wounded.
Duvessa gestures with her weapon.
Duvessa hits you with a +0 rapier. Dowan hits you but does no damage.
Casting: Foxfire (safe; 1% risk of failure)
Confirm with . or Enter, or press ? or * to list all spells.
You conjure some foxfire!
The foxfire hits Duvessa.
Duvessa is severely wounded.
The foxfire hits Duvessa but does no damage.
Duvessa is severely wounded.
Dowan points at you and mumbles some strange words.
The puff of frost hits you. Duvessa hits you but does no damage.
Casting: Foxfire (safe; 1% risk of failure)
Confirm with . or Enter, or press ? or * to list all spells.
You conjure some foxfire!
The foxfire hits Dowan.
You kill Dowan!
Duvessa screams in rage.
Duvessa goes berserk!
The foxfire hits Duvessa.
Duvessa is severely wounded.
Duvessa hits you with a +0 rapier.
You closely miss Duvessa.
Duvessa is severely wounded.
The foxfire hits Duvessa.
Duvessa is almost dead.
The foxfire hits Duvessa but does no damage.
Duvessa is almost dead.
Duvessa hits you with a +0 rapier! x2
You die...

###############################
................e>............#
##.####.#####...@)##########.##
#.####.# ##.#...........##.#
##.##.#.# #.........####.##.#
......#.####...........##.##.#
##.#..........###.##.#.##.##.#
##.#..#.#.................##.#
##.#..#.#.....#......#.#####.#
.#.#..#.#.....#......#.......#
.#.#######....#....#.#########


You could see Duvessa (berserk).

Vanquished Creatures
  A bullfrog (Sewer)
  Dowan (D:4)
  A jelly (D:5)
  3 orc priests
  A hound (D:4)
  2 orc wizards (D:5)
  4 gnolls (D:5)
  13 adders
  A river rat (D:4)
  A shadow imp (D:5)
  A worm (D:4)
  5 dart slugs
  9 orcs
  8 bats
  4 endoplasms
  14 giant cockroaches
  7 goblins
  9 hobgoblins
  2 jackals (D:1)
  2 quokkas
  13 ball pythons
  18 frilled lizards
  2 kobolds
  4 rats
126 creatures vanquished.

Vanquished Creatures (others)
  338 foxfires
338 creatures vanquished.

Grand Total: 464 creatures vanquished

Notes
Turn   | Place    | Note
-------+----------+-------------------------------------------
     0 | D:1      | funkygono the Gargoyle Fire Elementalist began the quest
                  | for the Orb.
     0 | D:1      | Reached XP level 1. HP: 10/10 MP: 3/3
   348 | D:1      | Reached XP level 2. HP: 15/15 MP: 1/5
   351 | D:1      | Learned a level 2 spell: Scorch
   946 | D:1      | Reached XP level 3. HP: 18/19 MP: 4/6
   950 | D:1      | Learned a level 3 spell: Conjure Flame
  1723 | D:2      | Found a faded altar of an unknown god.
  1885 | D:2      | Reached XP level 4. HP: 24/24 MP: 5/8
  2416 | D:2      | Identified a scroll of acquirement
  2416 | D:2      | Acquired the +1 helmet "Put-Me-On" {Harm rF+ Int+4}
  2452 | D:3      | Reached skill level 4 in Fire Magic
  2453 | D:3      | Reached skill level 1 in Fighting
  2694 | D:3      | Found a stormy altar of Qazlal.
  2761 | D:3      | Found a basalt altar of Yredelemnul.
  3099 | D:3      | Reached XP level 5. HP: 29/29 MP: 6/9
  3104 | D:3      | Learned a level 4 spell: Flame Wave
  3528 | D:4      | Found a glowing drain.
  3537 | Sewer    | Entered a sewer
  3982 | Sewer    | Reached XP level 6. HP: 34/34 MP: 6/10
  5087 | D:5      | Entered Level 5 of the Dungeon
  5096 | D:5      | Reached skill level 1 in Maces & Flails
  5164 | D:5      | Reached XP level 7. HP: 35/38 MP: 1/12
  5669 | D:5      | Reached skill level 5 in Fire Magic
  5784 | D:5      | Noticed Blork the orc
  5787 | D:5      | Noticed Dowan
  5788 | D:5      | Noticed Duvessa
  6003 | D:4      | Killed Dowan
  6004 | D:4      | Slain by Duvessa

Illustrated notes

Levels and vault maps discovered:
D:1:      psy_arrival_spokes, layout_loops_ring
D:2:      layout_loops_ring, basic_ecumenical_altar, corexii_hall_statues_i,
          st_stairs_9
D:3:      layout_rooms, mainiacjoe_overflow_small_starburst,
          mainiacjoe_overflow_boulevard, grunt_ministairs_9, minivault_26,
          grunt_decor_mini_mirrors
D:4:      layout_basic, serial_rivers, chequers_serial_rivers_room_a,
          chequers_serial_rivers_micro_c, chequers_serial_rivers_micro_b,
          chequers_serial_rivers_marsh, chequers_serial_rivers_room_b,
          chequers_serial_rivers_large_b, gup_sewer_entry_bubbles
D:5:      layout_cave_pools, tso_altar, item_on_display_a, uniq_prince_ribbit1,
          uniq_menkaure, uniq_blork_the_orc, uniq_duvessa

Skill      XL: |  1  2  3  4  5  6  7 |
---------------+----------------------+-----
Dodging        | 2 |  2.5
Fire Magic     | 4 5 |  5.0
Fighting       | 1 |  1.2
Spellcasting   | 3 4 |  4.1
Conjurations   | 2 3 4 |  4.1
Maces & Flails | 1 |  1.7
Stealth        | |  2.1

Action                   |  1- 3 |  4- 6 |  7- 9 || total
-------------------------+-------+-------+-------++-------
Melee: Unarmed           |    15 |       |       ||    15
       Whip              |    24 |    14 |       ||    38
       Punch             |       |     2 |       ||     2
       Flail             |       |    27 |     6 ||    33
 Cast: Foxfire           |    47 |   120 |    27 ||   194
       Scorch            |     3 |       |     1 ||     4
  Use: Scroll            |     4 |    11 |       ||    15
 Stab: Sleeping          |       |     2 |       ||     2
Armor: Robe              |    21 |    26 |    10 ||    57
Dodge: Dodged            |    48 |    25 |    14 ||    87
